Map: Bridgehead LE (Void)

Players

AcerBly (Bly) - Winner!

  • Race: Zerg Zerg
  • League: Diamond

Teebul

  • Race: Protoss Protoss
  • League: Diamond

Event: Lycan League Weekly September #1

VOD

Have the link to the VOD?

Description

Time

  • Played on: Sept. 21, 2015, 1:30 p.m.
  • Length: 8:12

All games in this series

Show
View Real Time Build Order
Export as new Build Order

AcerBly Zerg - Winner!

Build Orders: Hatch First 

Get SALT Encoding   

  12  0:01  Drone  
  13  0:12  Overlord  
  13  0:17  Drone  
  14  0:31  Drone x2  
  14  0:35  Drone  
  17  0:54  Hatchery  
  16  0:58  Drone x2  
  18  1:06  Extractor  
  17  1:14  Spawning Pool  
  17  1:17  Drone  
  17  1:21  Drone  
  18  1:30  Drone  
  19  1:38  Drone  
  20  1:51  Overlord  
  20  2:01  Queen  
  20  2:06  Queen  
  20  2:08  Zergling x4  
  26  2:09  Metabolic Boost  
  26  2:14  Zergling x2  
  27  2:18  Drone  
  28  2:25  Drone  
  29  2:31  Drone  
  29  2:36  Drone  
  31  2:42  Overlord  
  31  2:55  Drone x2  
  31  2:56  Overlord  
  31  2:57  Lair  
  33  2:59  Drone  
  35  3:05  Drone  
  35  3:09  Roach Warren  
  34  3:14  Drone x5  
  39  3:21  Drone x3  
  39  3:26  Overlord  
  42  3:28  Extractor  
  42  3:31  Overlord  
  41  3:45  Drone x8  
  47  3:48  Extractor  
  47  3:52  Overlord  
  46  4:00  Glial Reconstitution  
  46  4:01  Roach x2  
  46  4:02  Spore Crawler  
  49  4:07  Overlord  
  49  4:08  Overseer  
  49  4:13  Drone x3  
  49  4:14  Drone  
  49  4:15  Extractor  
  52  4:20  Burrow  
  52  4:21  Roach  
  52  4:24  Roach  
  56  4:32  Queen  
  56  4:34  Drone x3  
  56  4:37  Roach  
  63  4:43  Roach  
  63  4:44  Roach  
  67  4:49  Roach x3  
  73  4:58  Roach x3  
  79  5:07  Overlord  
  79  5:09  Overlord  
  79  5:14  Hatchery  
  79  5:20  Roach x3  
  83  5:32  Tunneling Claws  
  83  5:37  Roach x5  
  83  5:41  Roach  
  95  5:44  Overseer  
  97  5:50  Roach x2  
  97  5:52  Overlord  
  99  5:59  Overlord  
  99  6:01  Overseer  
  99  6:02  Overlord  
  99  6:12  Ravager x4  
  99  6:14  Roach  
  99  6:16  Roach x2  
  107  6:19  Overlord x4  
  107  6:49  Roach x11  
  129  6:56  Overlord  
  129  6:59  Drone  
  129  7:00  Drone x3  
  133  7:03  Overlord  
  133  7:26  Overseer  
  133  7:30  Ravager x5  
  133  7:31  Ravager x2, Roach x2  
  133  7:32  Roach  
  133  7:34  Roach  
  133  7:35  Roach x6  
  133  7:36  Roach x2  
  133  7:37  Roach x5  
  134  7:51  Roach x13  
Show
View Real Time Build Order
Export as new Build Order

Teebul Protoss 

Build Orders: Dark Templar Rush 

Get SALT Encoding   

  12  0:00  Probe (Chrono Boost)  
  13  0:10  Probe (Chrono Boost)  
  14  0:18  Pylon  
  14  0:22  Probe (Chrono Boost)  
  15  0:36  Probe (Chrono Boost)  
  15  0:39  Gateway  
  16  0:46  Probe (Chrono Boost)  
  16  0:47  Assimilator  
  17  0:56  Probe (Chrono Boost)  
  18  0:59  Pylon  
  18  1:06  Probe (Chrono Boost)  
  19  1:15  Probe (Chrono Boost)  
  20  1:25  Probe (Chrono Boost)  
  20  1:31  Cybernetics Core  
  21  1:35  Probe (Chrono Boost)  
  22  1:48  Nexus  
  22  1:53  Probe (Chrono Boost)  
  23  2:03  Probe (Chrono Boost), Assimilator  
  23  2:07  Adept  
  23  2:08  Warp Gate  
  26  2:15  Mothership Core (Chrono Boost)  
  28  2:32  Probe (Chrono Boost), Pylon  
  29  2:40  Twilight Council  
  29  2:46  Probe (Chrono Boost)  
  29  2:48  Stalker (Chrono Boost)  
  31  2:57  Probe  
  31  2:58  Probe  
  33  3:10  Probe  
  34  3:16  Dark Shrine  
  34  3:23  Probe x2 (Chrono Boost)  
  35  3:35  Probe x2 (Chrono Boost)  
  37  3:42  Robotics Facility  
  37  3:45  Probe (Chrono Boost)  
  37  3:47  Probe (Chrono Boost)  
  37  3:49  Gateway  
  37  3:51  Gateway  
  37  3:57  Probe (Chrono Boost)  
  37  4:00  Gateway  
  38  4:05  Gateway  
  38  4:06  Probe (Chrono Boost)  
  38  4:07  Probe (Chrono Boost)  
  40  4:16  Probe (Chrono Boost)  
  40  4:17  Sentry, Probe (Chrono Boost)  
  41  4:23  Assimilator  
  44  4:24  Assimilator  
  44  4:26  Probe x2 (Chrono Boost), Pylon  
  46  4:31  Observer (Chrono Boost)  
  46  4:36  Probe x2 (Chrono Boost)  
  49  4:45  Probe (Chrono Boost)  
  49  4:47  Probe (Chrono Boost), Blink (Chrono Boost)  
  49  4:48  Immortal (Chrono Boost)  
  55  4:54  Pylon  
  57  5:03  Pylon x2  
  55  5:16  Sentry x2  
  55  5:17  Adept  
  55  5:18  Immortal, Adept  
  64  5:24  Forge  
  67  5:42  Adept x3  
  73  5:49  Gateway  
  73  5:53  Gateway, Adept  
  73  5:54  Warp Prism  
  73  5:56  Gateway  
  77  6:09  Stalker x3  
  83  6:15  Stalker  
  85  6:22  Gateway  
  85  6:23  Pylon  
  85  6:37  Pylon  
  85  6:42  Pylon  
  85  6:43  Pylon  
  85  7:02  Sentry x2  
  85  7:03  Stalker x3  
  85  7:04  Stalker, Pylon  
  98  7:29  Dark Templar x3  

Tags
 
Add a new tag
Caveats
  • Supply blocks, unpowered buildings, or Contaminate may cause inaccurate times.
  • Supply counts are checked every 10 seconds.